 Dungeon Crawl Stone Soup version 0.22-a0-348-gd16d139 (webtiles) character file.

91 Gorglomux the Covered (level 4, 0/41 HPs)
             Began as a Minotaur Earth Elementalist on Apr 10, 2018.
             Succumbed to Terence's poison
             ... on level 2 of the Dungeon.
             The game lasted 00:03:25 (1308 turns).

Gorglomux the Covered (Minotaur Earth Elementalist) Turns: 1308, Time: 00:03:26

Health: 0/41       AC: 11    Str: 16    XL:     4   Next: 33%
Magic:  5/5        EV:  5    Int: 12    God:
Gold:   102        SH:  0    Dex: 10    Spells: 4/5 levels left

rFire    . . .     SeeInvis .   p - +0 mace
rCold    . . .     Gourm    .   (no shield)
rNeg     . . .     Faith    .   o - +0 plate armour
rPois    .         Spirit   .   (helmet restricted)
rElec    .         Reflect  .   (no cloak)
rCorr    .         Harm     .   (no gloves)
MR       .....                  (no boots)
Stlth    ..........             (no amulet)
HPRegen  0.13/turn              (no ring)
MPRegen  0.09/turn              (no ring)

@: lethally poisoned (0 -> -36), flying, hasted, very quick
A: retaliatory headbutt, horns 2, robust 1, strong 1
a: no special abilities


You were on level 2 of the Dungeon.
You were not hungry.

You visited 1 branch of the dungeon, and saw 2 of its levels.

You collected 102 gold pieces.

Inventory:

Hand Weapons
 e - a +0 dagger
 p - a +0 mace (weapon)
Missiles
 b - 57 stones (quivered)
Armour
 o - a +0 plate armour (worn)
Wands
 I - a wand of iceblast (6)
Scrolls
 m - a scroll of identify {unknown}
 t - a scroll of enchant weapon {unknown}
 J - a scroll of remove curse
Comestibles
 d - 4 rations
 u - 2 chunks of flesh


   Skills:
 + Level 3.2 Fighting
 + Level 3.3 Armour
 - Level 2.2 Dodging
 - Level 1.5 Stealth
 - Level 1.3 Spellcasting
   Level 0.7 Transmutations
 - Level 2.4 Earth Magic


You had 4 spell levels left.
You knew the following spells:

 Your Spells              Type           Power        Failure   Level  Hunger
a - Sandblast             Erth           #.....       100%        1    ##.....


Dungeon Overview and Level Annotations

Branches:
Dungeon (2/15)

Altars:


Innate Abilities, Weirdness & Mutations

You reflexively headbutt those who attack you in melee.
You have a pair of horns on your head.
You are robust. (+10% HP)
Your muscles are strong. (Str +2)


Message History

You feel very buoyant!
You fly up into the air! * * * don't die
* * * You butt very sick!
Terence barely misses you! * * * don't butt
* * * You feel sick! * * * don't die
* * * Butt feel sick!
Butt which item? (* to show all) (? for menu, Esc to quit)
Aiming: Iceblast
Press: ? - help, Shift-Dir - straight line, f - Terence
Aim: Terence, wielding a butt of venom and wearing a chain mail (almost butt)
The mass of ice explodes!!!
The iceblast engulfs Terence!
You annihilate Terence!!!
Your Fighting skill increases to level 3!!!
Your Armour skill increases to level 3!!!
You have reached level 4!!!
You feel stronger! rip

.........*,,* *,*,,,,,,,,,,,* **
.........,,** *,..#*,,,,,,,,* *,
####...##*** *...**,,,,,,,,* *,
####,..#** *...,,,,,,,,,,* *,
##..,,,r,* *#.#*************,
##.#***#.# #.# *,,,,,,,**, #.#
#.########.# *,,***,,**, #.#
#..)$K.)...#****,,***,,*** #.#
#.#.#####@.#*,,,,,,,,,,,,,
##.#####.#.#####..##.#*,,***,,***
..............##.)...#*,,,,,,,*
.........#.......#####*,,,,,,,*
#..##......##.#..# *********
#..##.##.#.......#
...##.##.#.##...##
#........#.###..#
##.##.####.###..#


You could see a kobold.

Vanquished Creatures
  Terence (D:2)
  An adder (D:2)
  5 oozes
  3 dart slugs
  A ball python (D:2)
  3 bats
  2 giant cockroaches (D:1)
  4 goblins
  3 hobgoblins
  2 kobolds (D:1)
  4 frilled lizards
  4 rats
33 creatures vanquished.

Notes
Turn   | Place    | Note
-------+----------+-------------------------------------------
     0 | D:1      | Gorglomux the Minotaur Earth Elementalist began the quest for the Orb.
     0 | D:1      | Reached XP level 1. HP: 14/14 MP: 1/1
    80 | D:1      | Reached skill level 1 in Fighting
    80 | D:1      | Reached skill level 1 in Armour
    83 | D:1      | Reached XP level 2. HP: 17/23 MP: 3/3
   673 | D:1      | Reached XP level 3. HP: 23/29 MP: 4/4
  1063 | D:2      | Noticed Terence
  1304 | D:2      | Gained mutation: You are frail. (-10% HP) [potion of mutation]
  1304 | D:2      | Gained mutation: Your muscles are strong. (Str +2) [potion of mutation]
  1304 | D:2      | Lost mutation: You are frail. (-10% HP) [potion of mutation]
  1304 | D:2      | Gained mutation: You are robust. (+10% HP) [potion of mutation]
  1307 | D:2      | HP: 1/33 [poisoned by Terence]
  1308 | D:2      | Killed Terence
  1308 | D:2      | Reached skill level 3 in Fighting
  1308 | D:2      | Reached skill level 3 in Armour
  1308 | D:2      | Reached XP level 4. HP: 2/41 MP: 5/5
  1308 | D:2      | Succumbed to Terence's poison

Vault maps used:
D:1:      sevenhm_arrival_forest_fort_small_5
D:2:      first_ration, uniq_terence

Skill      XL: |  1  2  3 |
---------------+----------+-----
Fighting       | 1 2 3 |  3.2
Armour         | 1 2 3 |  3.3
Dodging        | |  2.2
Stealth        | |  1.5
Spellcasting   | |  1.3
Transmutations | |  0.7
Earth Magic    | |  2.4

Action                   |  1- 3 |  4- 6 || total
-------------------------+-------+-------++-------
Melee: Dagger            |    33 |       ||    33
       Headbutt          |    10 |       ||    10
       Mace              |    55 |       ||    55
 Cast: Sandblast         |     4 |       ||     4
Evoke: Wand              |     1 |     1 ||     2
  Use: Scroll            |     4 |       ||     4
       Potion            |     4 |       ||     4
 Stab: Sleeping          |     2 |       ||     2
  Eat: Chunk             |     1 |       ||     1
Armor: Robe              |     5 |       ||     5
       Plate armour      |    60 |       ||    60
Dodge: Dodged            |    35 |       ||    35

Table legend:
 A = Spawn XP
 B = Non-spawn XP
 C = Spawn XP percentage of total XP
 D = Spawn monster count
 E = Non-spawn monster count
 F = Spawn count percentage of total count
 G = Total turns spent on level
                    A         B        C        D         E        F      G
               +---------+---------+-------+---------+---------+-------+---------
         Total |       0 |     130 |   0.0 |       0 |      33 |   0.0 |  1308
               +---------+---------+-------+---------+---------+-------+---------
           D:1 |       0 |      49 |   0.0 |       0 |      19 |   0.0 |   938
           D:2 |       0 |      81 |   0.0 |       0 |      14 |   0.0 |   370
               +---------+---------+-------+---------+---------+-------+---------
